 Dungeon Crawl Stone Soup version 0.29.1-12-g30fa7ad0bf (webtiles) character file.

Game seed: 4249535622072375835

5411 Peloso the Protected (level 10, -10/88 HPs)
             Began as a Minotaur Fighter on Dec 23, 2022.
             Was an Elder of Okawaru.
             Mangled by an orc warrior
             ... wielding a +0 glaive
              (14 damage)
             ... in a bailey.
             The game lasted 00:16:16 (9977 turns).

Peloso the Protected (Minotaur Fighter)             Turns: 9977, Time: 00:16:16

Health: -10/88     AC: 17    Str: 23    XL:     10   Next: 40%
Magic:  9/9        EV:  7    Int:  5    God:    Okawaru [****..]
Gold:   617        SH: 10    Dex: 12    Spells: 9/9 levels left

rFire   . . .      SeeInvis .   a - +5 scimitar
rCold   . . .      Faith    .   m - +0 buckler
rNeg    . . .      Spirit   .   s - +0 plate armour
rPois   .          Reflect  +   (helmet restricted)
rElec   .          Harm     .   t - +0 cloak
rCorr   .          Rampage  .   (no gloves)
Will    .....                   y - +0 pair of boots
Stlth   ..........              r - amulet of reflection
HPRegen 0.24/turn               (no ring)
MPRegen 0.11/turn               (no ring)

@: hasted, very quick
A: horns 2, retaliatory headbutt
a: Renounce Religion, Heroism, Finesse


You were in a bailey.
You worshipped Okawaru.
Okawaru was greatly pleased with you.
You visited 2 branches of the dungeon, and saw 10 of its levels.
You also visited: Bailey.

You collected 647 gold pieces.
You spent 30 gold pieces at shops.

Inventory:

Hand Weapons
 a - a +5 scimitar (weapon)
 b - the +7 war axe of Shrieking Terror {drain, rPois rCorr Str-2 SInv}
   (You found it on level 2 of the Dungeon)

   A truly terrible weapon, it drains the life of any living foe it strikes.
   Str:       It affects your strength (-2).
   rPois:     It protects you from poison.
   SInv:      It lets you see invisible.
   rCorr:     It protects you from acid and corrosion.
Armour
 c - a +0 chain mail
 m - a +0 buckler (worn)
 s - a +0 plate armour (worn)
 t - a +0 cloak (worn)
 y - a +0 pair of boots (worn)
Jewellery
 r - an amulet of reflection (around neck)
 v - an amulet of magic regeneration
Wands
 p - a wand of polymorph (9)
 A - a wand of flame (13)
Scrolls
 f - 3 scrolls of fog
 g - 5 scrolls of teleportation
 h - a scroll of immolation
 o - a scroll of fear
 w - a scroll of amnesia
 z - a scroll of enchant weapon {unknown}
 B - a scroll of blinking {unknown}
Potions
 d - 2 potions of might
 e - 2 potions of mutation
 i - a potion of haste
 j - 3 potions of magic
 k - 2 potions of curing
 l - 2 potions of cancellation
 u - 2 potions of attraction {unknown}
 x - a potion of brilliance {unknown}


   Skills:
 + Level 7.9 Fighting
 + Level 9.7 Long Blades
 + Level 8.4 Axes
 + Level 9.8 Armour
 + Level 2.0 Dodging
 + Level 2.0 Stealth
 + Level 7.2 Shields
 + Level 0.3 Invocations


You had 9 spell levels left.
You didn't know any spells.
Your spell library contained the following spells:

 Spells                   Type           Power      Damage    Failure   Level
 Apportation              Tloc           0%         N/A       100%        1
 Passwall                 Tmut/Erth      0%         N/A       100%        2
 Frozen Ramparts          Ice            0%         1d1       100%        3
 Hailstorm                Conj/Ice       0%         3d3       100%        4
 Ice Form                 Ice/Tmut       0%         N/A       100%        4
 Petrify                  Tmut/Erth      0%         N/A       100%        4
 Alistair's Intoxication  Tmut/Pois      0%         N/A       100%        5
 Metabolic Englaciation   Hex/Ice        0%         N/A       100%        5
 Silence                  Hex/Air        0%         N/A       100%        5
 Statue Form              Tmut/Erth      0%         N/A       100%        6
 Storm Form               Tmut/Air       0%         N/A       100%        7
 Summon Small Mammal      Summ           Unusable   N/A       N/A         1
 Call Canine Familiar     Summ           Unusable   N/A       N/A         3
 Summon Guardian Golem    Hex/Summ       Unusable   N/A       N/A         3

Dungeon Overview and Level Annotations

Branches:
Dungeon (9/15)             Temple (1/1) D:5            Lair (0/5) D:8
 Bailey (1/1)
    Orc: D:9-12

Altars:
Ashenzari
Fedhas
Makhleb
Okawaru
Ru
Trog
Uskayaw
Vehumet
Wu Jian
Yredelemnul

Shops:
D:1 !

Annotations:
D:3 2 transporters, Toxa551's ghost, amateur HuFi


Innate Abilities, Weirdness & Mutations

You have a pair of horns on your head.
You reflexively headbutt those who attack you in melee.


Message History

You slash the orc!
You kill the orc!
Okawaru accepts your kill.
You see here a +0 halberd.
The orc completely misses you. You furiously retaliate!
You headbutt the orc, but do no damage. You hit the orc.
Your headbutt misses the orc.
The orc is heavily wounded.
You block the orc's attack. You block the orc warrior's attack.
You closely miss the orc.
The orc is heavily wounded.
You hit the orc.
The orc is almost dead.
You block the orc's attack.
The orc warrior hits you from afar with a +0 halberd!
* * * LOW HITPOINT WARNING * * *
You slice the orc!!
You kill the orc!
Okawaru accepts your kill. You block the orc warrior's attack. x2
Things that are here:
a +0 trident; an orc corpse
Items here: ))) [[.
Things that are here:
a +0 spear; a +0 chain mail; an orc corpse You feel better.
You slash the orc!
You kill the orc!
Okawaru accepts your kill. The orc hits you with a +0 spear.
* * * LOW HITPOINT WARNING * * *
You see here a +0 hand axe.
You closely miss the orc. You block the orc's attack.
The orc warrior hits you from afar with a +0 glaive!
* * * LOW HITPOINT WARNING * * *
You slash the orc!
You kill the orc!
Okawaru accepts your kill.
The orc warrior hits you with a +0 glaive!
You die...

#######
##..∩..##
#.......#
#∩.....∩#
#.......#
#..@)o).#
#.o#.#).#
#o##8##)#
#.o#.#.)#
#..).)))#
#.......#
#.......#
##.....##
###'###


You could see 3 orc warriors.

Vanquished Creatures
  Pikel (D:7)
  A komodo dragon (D:8)
  A wyvern (D:9)
  4 yaks (D:8)
  Grum (D:9)
  4 steam dragons
  Edmund (D:5)
  An acid dragon (D:8)
  Duvessa (D:5)
  2 orc warriors
  A sky beast (D:8)
  2 ogres
  A black bear (D:5)
  4 wolves (D:9)
  2 centaurs
  3 phantoms
  2 necrophages
  3 bullfrogs
  8 wights
  Dowan (D:5)
  4 killer bees (D:7)
  3 orc priests
  Crazy Yiuf (D:3)
  2 hounds (D:6)
  2 jellies
  2 gnoll boudas
  Ijyb (D:3)
  Jessica (D:2)
  4 iguanas
  5 orc wizards
  Robin (D:2)
  7 adders
  7 gnolls
  2 shadow imps
  4 worms
  2 dart slugs
  30 orcs
  9 endoplasms
  4 giant cockroaches
  17 goblins
  7 hobgoblins
  4 jackals (D:1)
  6 kobolds
  2 quokkas
  4 ball pythons
  4 bats
  8 frilled lizards
  4 rats
191 creatures vanquished.

Vanquished Creatures (others)
  A howler monkey (D:6)
  A bush (D:5)
  A fungus (D:3)
  34 plants
37 creatures vanquished.

Grand Total: 228 creatures vanquished

Notes
Turn   | Place    | Note
-------+----------+-------------------------------------------
     0 | D:1      | Peloso the Minotaur Fighter began the quest for the Orb.
     0 | D:1      | Reached XP level 1. HP: 19/19 MP: 0/0
   210 | D:1      | Reached XP level 2. HP: 24/27 MP: 1/1
   561 | D:1      | Reached XP level 3. HP: 33/33 MP: 2/2
   662 | D:1      | Found Udiomm's Distillery.
   676 | D:1      | Bought a potion of curing for 30 gold pieces
  1278 | D:2      | Found a faded altar of an unknown god.
  1337 | D:2      | Noticed Robin
  1345 | D:2      | Killed Robin
  1354 | D:2      | Reached XP level 4. HP: 31/41 MP: 3/3
  1486 | D:2      | Noticed Jessica
  1489 | D:2      | Killed Jessica
  1621 | D:2      | Identified the +7 war axe of Shrieking Terror {drain, rPois
                  | rCorr Str-2 SInv}
  1754 | D:2      | Reached skill level 5 in Armour
  1754 | D:2      | Reached XP level 5. HP: 44/47 MP: 4/4
  2534 | D:3      | Noticed Ijyb
  2596 | D:3      | Killed Ijyb
  2597 | D:3      | Reached skill level 1 in Axes
  2942 | D:3      | Reached XP level 6. HP: 54/55 MP: 5/5
  3153 | D:3      | Found a transporter.
  3164 | D:3      | Noticed Toxa551's ghost (amateur HuFi)
  3164 | D:3      | Identified the +5 dire flail of Ashilirr {drain, Int+2}
  3404 | D:3      | Found a runed translucent door.
  3405 | D:3      | Noticed Crazy Yiuf
  3455 | D:3      | Killed Crazy Yiuf
  3574 | D:3      | Found a transporter.
  3673 | D:4      | Got the Compilation of the Changing Union
  3876 | D:4      | Reached skill level 5 in Fighting
  4124 | D:5      | Entered Level 5 of the Dungeon
  4128 | D:5      | Noticed Edmund
  4141 | D:5      | Killed Edmund
  4212 | D:5      | Reached XP level 7. HP: 24/61 MP: 6/6
  4461 | D:5      | Reached skill level 5 in Axes
  4730 | D:5      | Reached skill level 5 in Shields
  4809 | D:5      | Found a staircase to the Ecumenical Temple.
  4886 | D:5      | Found an ornate altar of the Wu Jian Council.
  5045 | Temple   | Entered the Ecumenical Temple
  5114 | Temple   | Became a worshipper of Warmaster Okawaru
  5187 | D:5      | Reached XP level 8. HP: 63/70 MP: 7/7
  5236 | D:5      | Noticed Dowan
  5237 | D:5      | Noticed Duvessa
  5249 | D:5      | Killed Duvessa
  5255 | D:5      | Killed Dowan
  5256 | D:5      | Reached skill level 1 in Stealth
  5508 | D:6      | Reached * piety under Okawaru
  6517 | D:7      | Reached ** piety under Okawaru
  6518 | D:7      | Reached skill level 5 in Long Blades
  6518 | D:7      | Reached XP level 9. HP: 66/78 MP: 8/8
  6536 | D:7      | Reached skill level 1 in Dodging
  7913 | D:7      | Found a sacrificial altar of Ru.
  7947 | D:7      | Found a hide-covered altar of Uskayaw.
  8535 | D:8      | Noticed a komodo dragon
  8565 | D:8      | Reached *** piety under Okawaru
  8584 | D:8      | Killed a komodo dragon
  8933 | D:8      | Reached XP level 10. HP: 52/86 MP: 9/9
  9141 | D:8      | Got Sif Muna's Incunabulum of the Winter and Weather
  9290 | D:8      | Found a staircase to the Lair.
  9326 | D:8      | Noticed Pikel
  9334 | D:7      | Killed Pikel
  9334 | D:7      | Reached **** piety under Okawaru
  9502 | D:9      | Noticed Grum
  9516 | D:9      | Killed Grum
  9553 | D:9      | Found a flagged portal.
  9805 | Bailey   | Entered a bailey
  9975 | Bailey   | HP: 4/88 [orc warrior/+0 glaive (10)]
  9977 | Bailey   | Mangled by an orc warrior

Illustrated notes

Levels and vault maps discovered:
D:1:      lightli_arrival_lavapool, layout_basic, serial_shops, shop
D:2:      layout_loops_ring, hellmonk_ecumenical_altar_zigzags, uniq_robin,
          uniq_jessica
D:3:      cheibrodos_old_hovel, layout_loops_ring, gammafunk_ghost_smash,
          uniq_ijyb, uniq_crazy_yiuf_cottage
D:4:      layout_basic
D:5:      layout_loops_ring, nzn_wu_jian_contemplation,
          minmay_temple_entry_butterflies, kb_lookout_dungeons_type,
          uniq_duvessa, uniq_edmund
D:6:      layout_loops_ring, minmay_misc_feat_more_columns, hex_tiny
D:7:      layout_rooms, mainiacjoe_overflow_two_lobes, minmay_diced_spiral
D:8:      layout_loops_cross, david_lair_shrubbed, uniq_pikel
D:9:      layout_basic, mainiacjoe_overflow_chevrons, grunt_gozag_statues,
          enter_bailey_2, uniq_prince_ribbit1, uniq_erolcha, uniq_grum
Temple:   bh_familiar_temple
Bailey:   bailey_polearm_5, bailey

Skill      XL: |  1  2  3  4  5  6  7  8  9 10 |
---------------+-------------------------------+-----
Fighting       | 4 5 6 7 |  7.9
Armour         | 4 5 6 7 9 |  9.8
Shields        | 4 5 6 7 |  7.2
Long Blades    | 3 4 5 8 9 |  9.7
Axes           | 1 4 6 8 |  8.4
Stealth        | 1 2 |  2.0
Dodging        | 2 |  2.0
Invocations    | |  0.3

Action                   |  1- 3 |  4- 6 |  7- 9 | 10-12 || total
-------------------------+-------+-------+-------+-------++-------
Melee: Long sword        |    76 |    24 |       |       ||   100
       Headbutt          |    13 |    14 |    56 |    11 ||    94
       War axe           |       |    83 |    87 |       ||   170
       Unarmed           |       |    10 |       |       ||    10
       Scimitar          |       |       |   176 |    75 ||   251
Invok: Heroism           |       |       |     2 |     5 ||     7
Evoke: Wand              |       |       |       |     2 ||     2
  Use: Scroll            |     3 |     7 |     3 |     1 ||    14
       Potion            |     3 |     1 |       |     5 ||     9
Armor: Scale mail        |    44 |    32 |       |       ||    76
       Chain mail        |       |    16 |       |       ||    16
       Skin              |       |     3 |       |       ||     3
       Plate armour      |       |    18 |   160 |    65 ||   243
Dodge: Dodged            |    35 |    39 |    77 |    59 ||   210
Block: Buckler           |    21 |    24 |   121 |    87 ||   253
       Reflection        |       |       |     1 |       ||     1
